 Dungeon Crawl Stone Soup version 0.24.0-123-gd5b16e6ec5 (webtiles) character file.

Game seed: 4704843516106252941, levelgen mode: deterministic

648 Chiseanne the Magician (level 7, -2/46 HPs)
             Began as a Demonspawn Wizard on Jan 21, 2020.
             Was a Follower of Vehumet.
             Slain by a human zombie (5 damage)
             ... in an ossuary.
             The game lasted 00:09:46 (6613 turns).

Chiseanne the Magician (Demonspawn Wizard)          Turns: 6613, Time: 00:09:46

Health: -2/46      AC:  3    Str:  7    XL:     7   Next: 27%
Magic:  0/15       EV: 12    Int: 24    God:    Vehumet [*.....]
Gold:   231        SH:  0    Dex: 12    Spells: 8/17 levels left

rFire    . . .     SeeInvis .   i - +0 dagger
rCold    . . .     Gourm    .   (no shield)
rNeg     . . .     Faith    .   a - +0 robe
rPois    .         Spirit   .   b - +1 hat
rElec    .         Reflect  .   (no cloak)
rCorr    .         Harm     .   (no gloves)
MR       +....                  (no boots)
Stlth    ++........             h - amulet of the acrobat
HPRegen  0.15/turn              g - ring of protection from magic
MPRegen  0.14/turn              j - +3 ring of intelligence

@: very slightly contaminated, hasted, invisible, very quick
A: powered by death 2, rot immunity
a: Renounce Religion


You were in an ossuary.
You worshipped Vehumet.
Vehumet was aware of your devotion.
You were not hungry.

You visited 1 branch of the dungeon, and saw 5 of its levels.
You also visited: Ossuary.

You collected 231 gold pieces.

Inventory:

Hand Weapons
 i - a +0 dagger (weapon)
Missiles
 f - 11 arrows
 m - 91 stones (quivered)
 p - 70 poisoned darts
 q - a throwing net
 t - 18 bolts
 v - 2 boomerangs
 x - 4 atropa-tipped darts
Armour
 a - a +0 robe (worn)
 b - a +1 hat (worn)
Magical Staves
 w - an uncursed staff of wizardry
Jewellery
 g - a ring of protection from magic (left hand)
 h - an amulet of the acrobat (around neck)
 j - a +3 ring of intelligence (right hand)
 k - an uncursed ring of see invisible {unknown}
Scrolls
 e - a scroll of fog
 l - 3 scrolls of magic mapping
 n - a scroll of teleportation
 o - 3 scrolls of identify
 s - a scroll of immolation
 u - 4 scrolls of remove curse
Potions
 c - 2 potions of haste
 r - a potion of resistance
Comestibles
 d - 14 rations


   Skills:
 - Level 1.7 Dodging
 - Level 1.7 Stealth
 * Level 5.9 Spellcasting
 * Level 5.6 Conjurations
   Level 1.0 Summonings
 - Level 0.8 Translocations


You had 8 spell levels left.
You knew the following spells:

 Your Spells              Type           Power        Failure   Level  Hunger
a - Magic Dart            Conj           ####         1%          1    None
b - Blink                 Tloc           N/A          9%          2    None
c - Conjure Flame         Conj/Fire      ###.....     8%          3    #......
d - Mephitic Cloud        Conj/Pois/Air  ###.....     11%         3    #......

Your spell library contained the following spells:

 Spells                   Type           Power        Failure   Level  Hunger
 Freeze                   Ice            #...         9%          1    None
 Call Imp                 Summ           ##......     8%          2    None
 Slow                     Hex            #.......     12%         2    None


Dungeon Overview and Level Annotations

Branches:
Dungeon (5/15)            Ossuary (1/1)
 Temple: D:4-7

Altars:
Gozag
Nemelex Xobeh
Trog
Uskayaw
Vehumet
Zin

Annotations:
D:3 3 runed translucent doors, Chiseanne's ghost, weakling DsWz
D:5 1 runed translucent door


Innate Abilities, Weirdness & Mutations

You regenerate health from kills.
You are immune to rotting.


Message History

It was a potion of invisibility.
You fade into invisibility!
The hound zombie misses you. The rat zombie misses you.
The hound zombie barely misses you.
The big kobold zombie barely misses you.
The human zombie completely misses you.
You are very lightly contaminated with residual magic.
Casting: Magic Dart (safe; 1% risk of failure)
Confirm with . or Enter, or press ? or * to list all spells.
You don't have enough magic to cast that spell.
You feel yourself speed up.
The big kobold zombie closely misses you.
The goblin zombie closely misses you. The human zombie barely misses you.
The elf zombie barely misses you. The rat zombie closely misses you.
The hound zombie bites you but does no damage.
i - a +0 dagger (weapon)
The big kobold zombie hits you.
* * * LOW HITPOINT WARNING * * *
The human zombie hits you.
You die...

...............
...............
...............
...............
...............
.......Z.......
......ZZZ......
.....ZZ@ZZ.....
......ZZZ......
........Z......
...............
...............
...............
...............
...............


You could see 2 rat zombies, a hound zombie, a goblin zombie, a gnoll zombie, a
kobold zombie, 3 big kobold zombies, an elf zombie and 2 human zombies.

Vanquished Creatures
  An ice beast (D:5)
  2 crimson imps
  3 orc priests
  A bullfrog zombie (D:5)
  4 orc wizards
  Jessica (D:2)
  2 worker ants
  A hound skeleton (D:4)
  A worker ant zombie (D:5)
  8 adders
  An adder zombie (D:2)
  An adder skeleton (D:4)
  A worm (D:5)
  2 dart slugs (D:2)
  2 leopard geckos
  8 orcs
  4 bats
  3 giant cockroaches (D:2)
  6 goblins
  12 hobgoblins
  4 jackals (D:5)
  2 quokkas (D:3)
  2 ball pythons (D:1)
  6 frilled lizards
  4 kobolds
  A leopard gecko skeleton (D:4)
  12 rats
95 creatures vanquished.

Notes
Turn   | Place    | Note
-------+----------+-------------------------------------------
     0 | D:1      | Chiseanne the Demonspawn Wizard began the quest for the
                  | Orb.
     0 | D:1      | Reached XP level 1. HP: 13/13 MP: 4/4
   765 | D:1      | Gained mutation: You regenerate a little health from kills.
                  | [demonic ancestry]
   765 | D:1      | Reached XP level 2. HP: 14/19 MP: 1/6
  1721 | D:2      | Learned a level 2 spell: Blink
  1821 | D:2      | Gained mutation: You are immune to rotting. [demonic
                  | ancestry]
  1821 | D:2      | Reached XP level 3. HP: 23/24 MP: 1/8
  2471 | D:2      | Reached XP level 4. HP: 30/30 MP: 2/9
  3350 | D:3      | Found a radiant altar of Vehumet.
  3355 | D:3      | Became a worshipper of Vehumet
  3360 | D:3      | Learned a level 3 spell: Conjure Flame
  3364 | D:3      | Learned a level 3 spell: Mephitic Cloud
  3606 | D:3      | Reached XP level 5. HP: 35/35 MP: 5/11
  4350 | D:2      | Noticed Jessica
  4354 | D:2      | Killed Jessica
  4689 | D:3      | Found a runed translucent gate.
  4689 | D:3      | Found a runed translucent gate.
  4689 | D:3      | Found a runed translucent gate.
  4726 | D:3      | Noticed Chiseanne's ghost (weakling DsWz)
  5003 | D:4      | Reached XP level 6. HP: 35/41 MP: 8/13
  5025 | D:3      | Reached skill level 5 in Spellcasting
  5366 | D:4      | Found an opulent altar of Gozag.
  5650 | D:4      | Reached * piety under Vehumet
  5650 | D:4      | Offered knowledge of Freeze by Vehumet.
  5988 | D:5      | Entered Level 5 of the Dungeon
  6042 | D:5      | Reached skill level 5 in Conjurations
  6242 | D:5      | Gained mutation: You regenerate health from kills. [demonic
                  | ancestry]
  6242 | D:5      | Reached XP level 7. HP: 39/46 MP: 5/15
  6408 | D:5      | Found a bloodstained altar of Trog.
  6565 | D:5      | Found a runed translucent door.
  6565 | D:5      | Found a glowing silver altar of Zin.
  6565 | D:5      | Noticed an angel
  6572 | D:5      | Found a sparkling altar of Nemelex Xobeh.
  6574 | D:5      | Found a hide-covered altar of Uskayaw.
  6594 | D:5      | Found a sand-covered staircase.
  6600 | Ossuary  | Entered an ossuary
  6613 | Ossuary  | Slain by a human zombie

Levels and vault maps discovered:
D:1:      eino_arrival_cavern_a, layout_loops_corners, minmay_misc_feat_rows
D:2:      layout_loops_ring, nicolae_overflow_hidden_temple, first_ration,
          grunt_decor_mini_mirrors, minmay_misc_feat_four_crosses, uniq_jessica
D:3:      layout_basic, lemuel_doored_altar, gammafunk_ghost_split,
          serial_rivers, chequers_serial_rivers_small_3,
          chequers_serial_rivers_marsh, chequers_serial_rivers_micro_e,
          chequers_serial_rivers_micro_d
D:4:      layout_basic, grunt_gozag_breadcrumbs
D:5:      layout_rooms, overflow_temple_1_default, kennysheep_mini_moat,
          grunt_temple_overflow_open, nicolae_ossuary_entry_monument,
          lemuel_angel_altar
Ossuary:  ossuary_minmay_tomb_2a

Skill      XL: |  1  2  3  4  5  6 |
---------------+-------------------+-----
Conjurations   | 2 3 4 5 |  5.6
Spellcasting   | 4 5 |  5.9
Dodging        | |  1.7
Stealth        | |  1.7
Summonings     | |  1.0
Translocations | |  0.8

Action                   |  1- 3 |  4- 6 |  7- 9 || total
-------------------------+-------+-------+-------++-------
Melee: Dagger            |    58 |     8 |       ||    66
       Staff             |       |     9 |       ||     9
 Cast: Magic Dart        |    74 |   169 |    39 ||   282
       Mephitic Cloud    |       |     5 |       ||     5
       Conjure Flame     |       |     1 |       ||     1
  Use: Scroll            |     9 |     5 |       ||    14
       Potion            |       |     1 |     2 ||     3
 Stab: Confused          |       |     2 |       ||     2
  Eat: Chunk             |     5 |    11 |     1 ||    17
Armor: Robe              |    14 |    12 |    15 ||    41
Dodge: Dodged            |    48 |    29 |    43 ||   120
